Map: Golden Wall LE

Players

Rail

  • Race: Protoss Protoss
  • League: Grandmaster
  • Spawn Location: 5:00

Serral - Winner!

  • Race: Zerg Zerg
  • League: Master
  • Spawn Location: 7:00

Event: DreamHack SC2 Masters 2020 Summer Europe

VOD

Have the link to the VOD?

Description

Time

  • Played on: June 30, 2020, 10:42 a.m.
  • Length: 12:37

All games in this series

Show
View Real Time Build Order
Export as new Build Order

Rail Protoss 

Build Orders: Nexus First, Phoenix Opening 

Get SALT Encoding   

  12  0:00  Probe  
  13  0:13  Probe  
  14  0:18  Pylon  
  14  0:25  Probe  
  15  0:33  Probe  
  15  0:41  Probe  
  17  0:51  Probe  
  18  1:02  Nexus  
  18  1:11  Gateway  
  18  1:14  Probe  
  19  1:20  Assimilator  
  19  1:26  Probe  
  19  1:27  Assimilator  
  20  1:35  Probe  
  20  1:36  Pylon  
  21  1:43  Probe  
  21  1:53  Probe  
  22  1:58  Zealot  
  22  1:59  Cybernetics Core  
  25  2:05  Probe  
  26  2:13  Probe  
  26  2:14  Gateway  
  26  2:15  Probe  
  26  2:21  Probe  
  28  2:24  Probe  
  30  2:31  Probe  
  30  2:33  Probe  
  30  2:36  Warp Gate  
  32  2:41  Stalker  
  32  2:43  Probe  
  35  2:46  Probe  
  36  2:55  Probe  
  36  2:58  Probe  
  38  3:01  Stargate  
  38  3:03  Stargate  
  38  3:07  Probe  
  41  3:13  Probe  
  41  3:17  Pylon  
  41  3:18  Probe  
  43  3:25  Assimilator  
  43  3:26  Probe x2  
  44  3:29  Assimilator  
  44  3:34  Probe  
  43  3:36  Phoenix  
  43  3:38  Probe  
  45  3:46  Probe  
  45  3:47  Phoenix  
  50  3:50  Probe  
  50  3:55  Pylon  
  51  3:56  Pylon  
  51  3:58  Probe  
  51  3:59  Phoenix  
  54  4:06  Phoenix  
  54  4:11  Gateway  
  54  4:12  Gateway  
  56  4:24  Phoenix  
  56  4:27  Gateway  
  56  4:29  Gateway  
  58  4:32  Phoenix  
  60  4:39  Sentry, Pylon  
  60  4:44  Pylon  
  62  4:49  Phoenix  
  62  4:51  Stalker  
  66  4:56  Pylon  
  66  4:57  Probe  
  67  5:08  Pylon  
  67  5:15  Nexus  
  67  5:16  Sentry  
  67  5:19  Sentry  
  71  5:26  Stalker x2  
  75  5:38  Zealot  
  75  5:41  Zealot  
  79  5:43  Zealot x2  
  79  5:49  Shield Battery  
  77  5:52  Sentry  
  77  5:53  Stalker  
  77  5:55  Probe  
  77  5:56  Probe  
  81  5:59  Robotics Facility  
  81  6:00  Sentry  
  81  6:02  Stalker  
  85  6:05  Stalker  
  85  6:09  Stalker  
  89  6:11  Probe  
  89  6:13  Probe  
  89  6:17  Stalker  
  93  6:21  Zealot  
  93  6:24  Probe  
  95  6:27  Probe x2  
  95  6:32  Probe  
  98  6:36  Zealot  
  98  6:38  Probe x2  
  101  6:41  Probe  
  101  6:42  Immortal  
  101  6:43  Assimilator  
  101  6:46  Probe  
  101  6:47  Probe  
  102  6:48  Robotics Bay  
  102  6:50  Probe  
  108  6:54  Probe  
  108  6:55  Probe  
  111  7:01  Probe  
  111  7:06  Probe  
  111  7:07  Pylon  
  113  7:11  Robotics Facility  
  113  7:12  Forge  
  113  7:20  Pylon  
  113  7:22  Immortal  
  114  7:26  Gateway  
  114  7:28  Gateway, Sentry, Stalker  
  114  7:29  Stalker x2  
  122  7:30  Sentry  
  105  7:45  Stalker  
  105  7:49  Disruptor  
  101  7:52  Stalker x4  
  101  7:55  Sentry  
  111  8:02  Shield Battery  
  106  8:10  Stalker  
  100  8:15  Stalker  
  100  8:19  Stalker, Zealot  
  94  8:24  Disruptor  
  82  8:31  Zealot  
  82  8:32  Zealot x3  
  94  8:43  Protoss Ground Weapons Level 1  
  94  8:45  Sentry, Zealot  
  94  8:46  Colossus, Zealot  
  103  8:58  Stalker x2  
  103  9:01  Colossus  
  107  9:08  Pylon  
  107  9:09  Pylon  
  107  9:15  Pylon, Zealot x6  
  125  9:17  Pylon  
  125  9:18  Pylon  
  125  9:24  Photon Cannon  
  125  9:28  Extended Thermal Lance  
  125  9:31  Warp Prism  
  125  9:52  Stalker x2  
  125  9:53  Sentry, Stalker  
  125  9:56  Observer  
  125  9:58  Stalker  
  125  9:59  Stalker  
  138  10:02  Stalker, Zealot  
  142  10:13  Immortal  
  139  10:17  Stalker x2  
  147  10:22  Stalker, Zealot  
  147  10:23  Zealot  
  147  10:25  Stalker, Zealot x2  
  159  10:39  Pylon  
  159  10:41  Stalker, Zealot  
  163  10:45  Stalker, Zealot  
  163  10:48  Probe  
  156  10:50  Zealot x3  
  156  10:53  Probe  
  156  10:58  Probe  
  156  11:01  Zealot  
  156  11:07  Zealot  
  156  11:09  Zealot  
  159  11:12  Zealot  
  159  11:15  Zealot  
  159  11:18  Zealot  
  159  11:21  Sentry x2  
  164  11:27  Sentry x2  
  164  11:30  Sentry  
  164  11:31  Sentry  
  172  11:38  Pylon  
  165  11:53  Sentry  
  165  11:54  Stalker x2  
  170  11:55  Sentry  
  60  12:23  Stalker, Zealot  
  58  12:32  Stalker x3  
  58  12:33  Stalker  
Show
View Real Time Build Order
Export as new Build Order

Serral Zerg - Winner!

Build Orders: Hatch First 

Get SALT Encoding   

  12  0:00  Drone  
  13  0:12  Overlord  
  13  0:17  Drone  
  14  0:30  Drone x2  
  16  0:48  Hatchery  
  15  0:51  Drone  
  15  0:55  Drone  
  17  0:58  Drone  
  18  1:09  Extractor  
  17  1:14  Spawning Pool  
  17  1:17  Drone  
  17  1:21  Drone  
  18  1:28  Drone  
  19  1:38  Drone  
  20  1:49  Drone  
  21  1:59  Overlord  
  21  2:00  Queen x2  
  26  2:01  Zergling x2  
  26  2:11  Drone x2  
  28  2:21  Drone x2  
  30  2:34  Hatchery  
  30  2:35  Drone x2  
  31  2:40  Pneumatized Carapace  
  31  2:45  Overlord  
  31  2:48  Drone  
  32  2:54  Drone x2  
  34  2:59  Queen  
  34  3:03  Metabolic Boost  
  36  3:10  Drone x3  
  36  3:12  Drone  
  40  3:16  Overlord  
  40  3:18  Drone  
  41  3:20  Drone  
  42  3:30  Drone x2  
  44  3:38  Queen  
  44  3:39  Overlord x2  
  44  3:41  Drone x2  
  48  3:43  Drone  
  48  3:46  Drone x2  
  51  3:51  Queen  
  53  3:56  Evolution Chamber  
  53  3:58  Drone x2  
  53  3:59  Drone  
  53  4:01  Drone  
  56  4:05  Overlord  
  56  4:06  Overlord  
  56  4:09  Drone  
  57  4:13  Spore Crawler  
  57  4:14  Drone x3  
  59  4:22  Zerg Melee Weapons Level 1, Zergling x4  
  61  4:26  Queen  
  61  4:27  Spore Crawler  
  62  4:33  Queen  
  62  4:35  Drone  
  62  4:36  Spore Crawler  
  64  4:39  Lair  
  64  4:42  Drone  
  64  4:43  Drone  
  64  4:44  Drone  
  67  4:46  Drone x2  
  67  4:48  Drone  
  67  4:51  Overlord  
  70  4:53  Baneling Nest  
  70  4:56  Zergling x4  
  70  4:59  Zergling x4  
  73  5:02  Zergling x6  
  73  5:06  Extractor  
  73  5:07  Extractor  
  74  5:08  Zergling x4  
  74  5:10  Zergling x6  
  78  5:15  Overlord  
  78  5:19  Drone x2  
  78  5:20  Drone  
  81  5:21  Roach Warren  
  81  5:24  Overlord  
  81  5:28  Overlord  
  78  5:31  Drone x4  
  77  5:35  Drone x2  
  77  5:38  Drone  
  77  5:45  Zergling x6  
  73  5:52  Zergling x6  
  73  5:55  Extractor  
  71  5:57  Drone x3  
  71  6:00  Zergling x2  
  71  6:03  Glial Reconstitution  
  75  6:05  Overseer  
  75  6:06  Queen x2  
  75  6:07  Queen  
  81  6:17  Roach x4  
  89  6:21  Overlord  
  89  6:24  Roach  
  89  6:25  Roach x2  
  95  6:31  Roach x3  
  101  6:38  Roach x3  
  104  6:44  Roach x3  
  109  6:52  Overlord  
  109  6:53  Zergling x2  
  109  6:54  Zergling x10  
  115  6:58  Ravager x4  
  119  7:02  Overlord  
  119  7:04  Zergling x4  
  121  7:12  Baneling x7  
  121  7:14  Baneling  
  121  7:15  Zergling x8  
  125  7:19  Zergling x2  
  125  7:20  Zergling x6  
  125  7:21  Baneling x3  
  129  7:25  Zergling x2  
  129  7:26  Zergling x6  
  116  7:45  Zergling x12  
  110  7:54  Zergling x10  
  113  8:00  Zerg Melee Weapons Level 2  
  108  8:08  Zergling x6  
  108  8:12  Queen x3  
  100  8:23  Roach x2, Zergling x2  
  100  8:24  Roach x2, Zergling x6  
  100  8:25  Hatchery  
  101  8:30  Roach  
  101  8:31  Roach  
  102  8:39  Roach x2  
  105  8:47  Ravager x5  
  110  8:52  Centrifical Hooks, Ravager  
  110  8:54  Zergling x8  
  115  9:04  Zergling x6  
  115  9:09  Baneling x9  
  118  9:15  Drone x3  
  121  9:20  Overlord  
  121  9:21  Drone x3  
  121  9:22  Overlord  
  121  9:23  Zergling x10  
  129  9:25  Baneling x4  
  129  9:27  Overlord  
  129  9:29  Zergling x2  
  130  9:33  Zergling x2  
  130  9:38  Ravager x2  
  133  9:40  Baneling x3  
  133  9:43  Zergling x8  
  137  9:45  Queen  
  137  9:50  Zergling x6  
  142  9:56  Drone  
  142  9:57  Drone x3  
  146  10:05  Ravager  
  146  10:06  Roach x2  
  151  10:08  Hatchery  
  151  10:09  Zergling x6  
  153  10:16  Zergling x12  
  153  10:20  Zergling x2  
  157  10:29  Baneling x6  
  157  10:30  Ravager x2  
  157  10:33  Zergling x18  
  168  10:39  Baneling x5  
  168  10:44  Overlord  
  168  10:49  Baneling x8  
  163  10:51  Overlord  
  163  10:52  Overlord  
  163  10:55  Zergling x12  
  166  11:00  Overlord x3  
  159  11:08  Drone x3  
  159  11:09  Zergling x20  
  168  11:16  Baneling x12  
  167  11:19  Zergling x4  
  167  11:23  Queen  
  167  11:24  Zergling x8  
  173  11:30  Baneling x6  
  172  11:36  Zergling x18  
  172  11:38  Baneling x4  
  180  11:46  Zergling x16  
  183  11:55  Drone x3, Extractor  
  183  11:57  Drone x2  
  183  11:58  Zergling x2  
  188  12:04  Baneling x7  
  182  12:13  Zergling x4  
  182  12:14  Zergling x12  
  160  12:19  Zergling x4  
Tags
 
Add a new tag
Caveats
  • Supply blocks, unpowered buildings, or Contaminate may cause inaccurate times.
  • Supply counts are checked every 10 seconds.